 Dungeon Crawl Stone Soup version 0.31.0-12-g77e489cdc1 (webtiles) character file.

Game seed: 1689840545875663121

1983 asd2613 the Cleaver (level 9, -3/79 HPs)
             Began as a Hill Orc Fighter on Feb 15, 2024.
             Was an Initiate of Beogh.
             Slain by a +0 great sword of electrocution (20 damage)
             ... created by the rancor of the Wu Jian Council
             ... on level 7 of the Dungeon.
             The game lasted 00:20:44 (4941 turns).

asd2613 the Cleaver (Hill Orc Fighter)              Turns: 4941, Time: 00:20:44

Health: -3/79      AC: 15    Str: 21    XL:     9   Next: 20%
Magic:  9/9        EV: 10    Int: 12    God:    Beogh [......]
Gold:   228        SH:  5    Dex: 12    Spells: 8/8 levels left

rFire   . . .        a - +0 war axe
rCold   . . .        c - +0 buckler
rNeg    . . .        s - +6 ring mail "Komulim" {rCorr Int+4}
rPois   .            x - +0 helmet
rElec   .            (no cloak)
rCorr   +            (no gloves)
SInv    .            b - +0 pair of boots
Will    +....        t - amulet of the acrobat
Stlth   +            (no ring)
HPRegen 0.33/turn    (no ring)
MPRegen 0.11/turn

%: acrobat
@: mighty, spiked
A: strong-willed 1
a: Renounce Religion


You were on level 7 of the Dungeon.
You worshipped Beogh.
Beogh was noncommittal.
You visited 1 branch of the dungeon, and saw 7 of its levels.
You also visited: Sewer.

You collected 228 gold pieces.

Inventory:

Hand Weapons
 a - a +0 war axe (weapon)
Armour
 b - a +0 pair of boots (worn)
 c - a +0 buckler (worn)
 s - the +6 ring mail "Komulim" (worn) {rCorr Int+4}
   (You found it on level 4 of the Dungeon)

   Int+4:     It affects your intelligence (+4).
   rCorr:     It protects you from acid and corrosion.
 x - a +0 helmet (worn)
Jewellery
 t - an amulet of the acrobat (around neck)
Wands
 v - a wand of flame (23)
Scrolls
 h - a scroll of teleportation
 i - a scroll of torment
 j - 2 scrolls of amnesia
 k - 2 scrolls of summoning
 l - a scroll of enchant armour
 n - a scroll of blinking
 o - a scroll of revelation {unknown}
 r - a scroll of enchant weapon
 u - a scroll of fog
Potions
 e - a potion of attraction
 f - 3 potions of heal wounds
 g - 2 potions of enlightenment
 m - 2 potions of brilliance
 p - a potion of haste
 q - a potion of mutation


   Skills:
 + Level 7.3 Fighting
 * Level 9.9 Axes
 + Level 6.6 Armour
 + Level 6.7 Shields


You had 8 spell levels left.
You didn't know any spells.
Your spell library contained the following spells:

 Spells                   Type           Power      Damage    Failure   Level
 Kiss of Death            Conj/Necr      0%         2d5       52%         1
 Sting                    Conj/Alch      0%         1d3       52%         1
 Summon Small Mammal      Summ           0%         N/A       52%         1
 Mercury Vapours          Alch/Air       0%         N/A       67%         2
 Call Canine Familiar     Summ           0%         N/A       88%         3
 Inner Flame              Hex/Fire       0%         N/A       88%         3
 Vampiric Draining        Necr           0%         2d6       88%         3
 Volatile Blastmotes      Fire/Tloc      0%         2d10      88%         3
 Flame Wave               Conj/Fire      0%         2d4       99%         4
 Olgreb's Toxic Radiance  Alch           0%         N/A       99%         4
 Sticky Flame             Fire/Alch      0%         2d4       99%         4
 Summon Blazeheart Golem  Fire/Summ      0%         N/A       99%         4
 Fire Storm               Conj/Fire      0%         5d1       100%        9


Dungeon Overview and Level Annotations

Branches:
Dungeon (7/15)             Temple (0/1) D:6           Sewer (visited)

Altars:
Ashenzari
Cheibriados
Dithmenos
Makhleb
Qazlal
Trog
Wu Jian
The Shining One

Shops:
D:2 ?

Annotations:
D:5 2 transporters, Silvore's ghost, amateur DsFi


Innate Abilities, Weirdness & Mutations

You are strong-willed. (Will+)


Message History

You hit the +4 broad axe of electrocution.
The +4 broad axe of electrocution is almost destroyed.
You block the +4 broad axe of electrocution's attack.
Unknown command.
You closely miss the +4 broad axe of electrocution.
The +4 broad axe of electrocution is almost destroyed.
You hit the +0 great sword of electrocution but do no damage.
You barely miss the +1 broad axe of freezing.
You slash the +4 quarterstaff of freezing!
You slash the +4 quarterstaff of electrocution!
The +4 quarterstaff of electrocution hits you but does no damage.
The +4 quarterstaff of freezing hits you.
The +4 quarterstaff of freezing freezes you.
The +4 broad axe of electrocution hits you.
The +1 broad axe of freezing hits you.
The +1 broad axe of freezing freezes you.
Unknown command.
You closely miss the +4 broad axe of electrocution.
The +4 broad axe of electrocution is almost destroyed.
You slash the +4 quarterstaff of electrocution!
You destroy the +4 quarterstaff of electrocution!
That felt strangely unrewarding.
You hit the +0 great sword of electrocution.
You hit the +1 broad axe of freezing.
You hit the +4 quarterstaff of freezing.
You destroy the +4 quarterstaff of freezing!
That felt strangely unrewarding.
The +0 great sword of electrocution completely misses you.
Unknown command.
You slice the +4 broad axe of electrocution!!
You destroy the +4 broad axe of electrocution!
That felt strangely unrewarding.
You barely miss the +0 great sword of electrocution.
You slash the +1 broad axe of freezing! The +1 broad axe of freezing hits you!
* * * LOW HITPOINT WARNING * * *
The +1 broad axe of freezing freezes you.
* * * LOW HITPOINT WARNING * * *
The +0 great sword of electrocution hits you but does no damage.
You are electrocuted!!
You die...

#.## #### #..# .. .....
#..# #.$ ...### ###..#
##.. ...#######....# #?.
#.##.........###.#
#..#.# #....##..###
######().# #.##.....#
.....##@.######.##.....#
##...(......##.##.....#
.....(..........##(....#
#............##.........
#............##.##.....#
#..#.###.######.##>....#
#..#. .... ...#.##### #.
#####.# #...#.# # #.#
#...#.#####


You could see 2 dancing weapons.

Vanquished Creatures
  An unseen horror (D:6)
  12 dancing weapons (D:7)
  Menkaure (D:5)
  Duvessa (D:4)
  A water moccasin (D:4)
  2 orc warriors
  An ogre (D:5)
  A centaur (D:5)
  2 brain worms (Sewer)
  5 scorpions
  A bullfrog (D:6)
  Dowan (D:4)
  2 jellies
  2 hounds
  A sleepcap (D:6)
  Jessica (D:3)
  Ijyb (D:4)
  2 iguanas
  3 orc wizards (D:6)
  7 adders
  3 river rats (Sewer)
  A shadow imp (D:5)
  A white imp (D:5)
  A dart slug (D:1)
  7 orcs
  14 ball pythons
  9 endoplasms
  4 giant cockroaches
  5 goblins
  9 hobgoblins
  A jackal (D:3)
  4 kobolds
  A quokka (D:1)
  A bat (D:1)
  7 frilled lizards
  5 rats
121 creatures vanquished.

Notes
Turn   | Place    | Note
-------+----------+-------------------------------------------
     0 | D:1      | asd2613 the Hill Orc Fighter began the quest for the Orb.
     0 | D:1      | Reached XP level 1. HP: 19/19 MP: 1/1
   144 | D:1      | Reached XP level 2. HP: 27/27 MP: 2/2
   171 | D:1      | Reached skill level 3 in Axes
   333 | D:1      | Found a faded altar of an unknown god.
   347 | D:1      | Prayed at the altar of an unknown god.
   347 | D:1      | Became a worshipper of the Wu Jian Council
   347 | D:1      | Reached * piety under Wu Jian
   397 | D:1      | Reached XP level 3. HP: 33/33 MP: 3/3
  1209 | D:2      | Found The Oracle's Delphic Readings.
  1363 | D:3      | Reached XP level 4. HP: 39/40 MP: 4/4
  1445 | D:3      | Noticed Jessica
  1448 | D:3      | Killed Jessica
  1449 | D:3      | Reached skill level 4 in Axes
  1480 | D:3      | Found a shadowy altar of Dithmenos.
  1486 | D:3      | Found a stormy altar of Qazlal.
  1486 | D:3      | Found a broken altar of Ashenzari.
  1488 | D:3      | You fall into a shaft and drop 1 floor!
  1503 | D:4      | Reached ** piety under Wu Jian
  1536 | D:4      | Noticed Duvessa
  1536 | D:4      | Noticed Dowan
  1548 | D:4      | Killed Duvessa
  1548 | D:4      | Killed Dowan
  1549 | D:4      | Reached skill level 5 in Axes
  1549 | D:4      | Reached XP level 5. HP: 12/47 MP: 5/5
  1549 | D:4      | Reached XP level 6. HP: 14/55 MP: 6/6
  1696 | D:4      | Reached skill level 5 in Fighting
  2018 | D:4      | Found a glowing drain.
  2025 | Sewer    | Entered a sewer
  2259 | Sewer    | Reached skill level 6 in Axes
  2306 | Sewer    | Reached XP level 7. HP: 53/61 MP: 4/7
  2629 | D:4      | Identified the +6 ring mail "Komulim" {rCorr Int+4}
  2709 | D:4      | Reached skill level 5 in Armour
  2709 | D:4      | Reached skill level 5 in Shields
  2733 | D:4      | Identified the +2 leather armour of Cyxt {Int+3}
  2772 | D:4      | Noticed Ijyb
  2785 | D:4      | Killed Ijyb
  2928 | D:4      | Found a glowing golden altar of the Shining One.
  2952 | D:5      | Entered Level 5 of the Dungeon
  3036 | D:5      | Reached skill level 7 in Axes
  3099 | D:5      | Noticed Menkaure
  3139 | D:5      | Killed Menkaure
  3140 | D:5      | Reached XP level 8. HP: 57/70 MP: 8/8
  3190 | D:5      | Noticed a hornet
  3256 | D:5      | Found a transporter.
  3260 | D:5      | Found a transporter.
  3289 | D:5      | Noticed Silvore's ghost (amateur DsFi)
  3360 | D:5      | Reached skill level 8 in Axes
  3838 | D:6      | Fell from the grace of Wu Jian
  3838 | D:6      | Became a worshipper of Beogh the Brigand
  3842 | D:6      | Got Erghor Nocy's Book of Arson and Misery
  3980 | D:6      | Found a staircase to the Ecumenical Temple.
  4031 | D:6      | Reached skill level 9 in Axes
  4359 | D:6      | Killed an unseen horror
  4360 | D:6      | Reached XP level 9. HP: 19/79 MP: 9/9
  4543 | D:6      | Found a burning altar of Makhleb.
  4546 | D:6      | Found a bloodstained altar of Trog.
  4550 | D:6      | Found a snail-covered altar of Cheibriados.
  4870 | D:7      | Gained mutation: You possess an exceptional clarity of
                  | mind. [potion of mutation]
  4870 | D:7      | Lost mutation: You possess an exceptional clarity of mind.
                  | [potion of mutation]
  4870 | D:7      | Gained mutation: You are strong-willed. (Will+) [potion of
                  | mutation]
  4941 | D:7      | Slain by a +0 great sword of electrocution

Illustrated notes

Levels and vault maps discovered:
D:1:      dpeg_arrival_erosion, layout_loops_ring, basic_ecumenical_altar
D:2:      layout_basic, kennysheep_small_spiral, nicolae_nh_oracle_at_delphi
D:3:      layout_basic, grunt_temple_overflow_open, small_statue_intersection,
          uniq_terence, uniq_jessica
D:4:      layout_basic, tso_altar, mainiacjoe_sewer_entry_somewhere_in_here_2,
          uniq_duvessa, uniq_ijyb
D:5:      layout_basic, gammafunk_ghost_hive, uniq_menkaure
D:6:      layout_basic, grunt_temple_overflow_diamond,
          minmay_temple_entry_offerings, minmay_misc_feat_chi
D:7:      layout_basic, chequers_serial_rivers_large_b

Skill      XL: |  1  2  3  4  5  6  7  8 |
---------------+-------------------------+-----
Axes           | 3 5 6 7 9 |  9.9
Fighting       | 4 5 6 7 |  7.3
Armour         | 4 5 6 |  6.6
Shields        | 4 5 6 |  6.7

Action                     |  1- 3 |  4- 6 |  7- 9 || total
---------------------------+-------+-------+-------++-------
  Melee: War axe           |    91 |   134 |   201 ||   426
 Invoke: Convert to Beogh  |       |       |     1 ||     1
Ability: Lunge             |       |     4 |     2 ||     6
         Whirlwind         |       |     1 |       ||     1
    Use: Scroll            |     5 |     1 |     7 ||    13
         Potion            |       |     1 |     3 ||     4
 Armour: Scale mail        |    65 |    97 |     5 ||   167
         Ring mail         |       |       |   177 ||   177
  Dodge: Dodged            |    30 |    51 |    97 ||   178
  Block: Buckler           |    17 |    32 |    47 ||    96
